 Dungeon Crawl Stone Soup version 0.27.1-3-gb3d3a73c9e (webtiles) character file.

Game seed: 16692238442334593643

74 Gabide the Poker (level 4, -2/35 HPs)
             Began as a Human Monk on Oct 14, 2021.
             Slain by Terence (9 damage)
             ... on level 3 of the Dungeon.
             The game lasted 00:03:55 (2237 turns).

Gabide the Poker (Human Monk)                       Turns: 2237, Time: 00:03:55

Health: -2/35      AC:  2    Str: 12    XL:     4   Next: 52%
Magic:  4/4        EV: 13    Int: 11    God:
Gold:   74         SH:  0    Dex: 15    Spells: 3/3 levels left

rFire    . . .     SeeInvis .   a - +0 spear
rCold    + . .     Faith    .   (no shield)
rNeg     . . .     Spirit   .   c - +0 robe {rC+}
rPois    .         Reflect  .   (no helmet)
rElec    .         Harm     .   (no cloak)
rCorr    .         Rampage  .   (no gloves)
Will     .....                  (no boots)
Stlth    ++........             (no amulet)
HPRegen  0.11/turn              (no ring)
MPRegen  0.09/turn              (no ring)

@: no status effects
A: no striking features
a: no special abilities


You were on level 3 of the Dungeon.
You visited 1 branch of the dungeon, and saw 3 of its levels.

You collected 74 gold pieces.

Inventory:

Hand Weapons
 a - a +0 spear (weapon)
Armour
 c - a +0 robe of cold resistance (worn)
Scrolls
 b - a scroll of amnesia
 d - 2 scrolls of identify


   Skills:
 + Level 3.3 Fighting
 * Level 4.0 Polearms
 + Level 3.3 Dodging
 + Level 2.7 Stealth


You had 3 spell levels left.
You didn't know any spells.
Your spell library contained the following spells:

 Spells                   Type           Power      Damage    Failure   Level
 Freeze                   Ice            0%         1d3       34%         1
 Frozen Ramparts          Ice            0%         1d2       71%         3
 Hailstorm                Conj/Ice       0%         3d3       98%         4


Dungeon Overview and Level Annotations

Branches:
Dungeon (3/15)

Altars:

Annotations:
D:3 Terence


Message History

You hit the adder but do no damage.
The adder is lightly wounded.
The adder closely misses you.
You hit the adder but do no damage.
The adder is lightly wounded.
The adder completely misses you.
You hit the adder.
The adder is heavily wounded.
The adder closely misses you.
You hit the adder.
The adder is severely wounded.
The adder bites you.
You are poisoned.
The adder poisons you! The adder bites you.
You barely miss the adder.
The adder is severely wounded.
You feel sick. The adder bites you.
You barely miss the adder.
The adder is severely wounded.
You feel sick. The adder bites you but does no damage.
You barely miss the adder.
The adder is severely wounded.
You feel sick. The adder barely misses you.
You hit the adder.
You kill the adder!
You feel sick.
You feel sick.
You feel sick.
You are no longer poisoned.
You aren't carrying any potions.
Okay, then.
Press: ? - help, v - describe, . - travel
Here: Terence, wielding a +0 mace and wearing a +0 scale mail The floor.
You closely miss Terence. Terence hits you with a +0 mace!
* * * LOW HITPOINT WARNING * * *
Found a stone staircase leading up.
There is a stone staircase leading up here.
Terence hits you with a +0 mace!
You die...

#...# #.............#
#########...###.............#
#.............#.............# #
#.......###.#.#.............#
#.#.(.........#.#.........###.###
#.....#########.#................
[................>...............
#.#.#.#########.#@#.###...##..#.#
# ###.# #....@...# #.........#
#.######.####................
#........# #...####......###
#..####### #.........##.## # #..#
#...####..##.# . ##..### #...#
### ### # #.....# #...# #.....#
...# #.....+


You could see Terence.

Vanquished Creatures
  3 adders
  A worm (D:2)
  2 dart slugs (D:1)
  A bat (D:2)
  5 endoplasms
  3 goblins
  3 hobgoblins
  5 quokkas
  4 ball pythons
  3 frilled lizards
  2 kobolds (D:2)
  6 rats
38 creatures vanquished.

Notes
Turn   | Place    | Note
-------+----------+-------------------------------------------
     0 | D:1      | Gabide the Human Monk began the quest for the Orb.
     0 | D:1      | Reached XP level 1. HP: 18/18 MP: 1/1
   165 | D:1      | Reached XP level 2. HP: 24/24 MP: 2/2
   548 | D:1      | Reached XP level 3. HP: 27/29 MP: 3/3
   909 | D:2      | Found a faded altar of an unknown god.
  1329 | D:2      | Reached XP level 4. HP: 18/35 MP: 4/4
  2154 | D:3      | Reached skill level 4 in Polearms
  2198 | D:3      | Noticed Terence
  2237 | D:3      | Slain by Terence

Illustrated notes

Levels and vault maps discovered:
D:1:      psy_arrival_radial02, layout_basic
D:2:      layout_basic, hellmonk_ecumenical_altar_lost_god
D:3:      layout_basic, gammafunk_ghost_split, uniq_terence,
          uniq_crazy_yiuf_cottage

Skill      XL: |  1  2  3  4 |
---------------+-------------+-----
Polearms       | 4 |  4.0
Fighting       | |  3.3
Dodging        | |  3.3
Stealth        | |  2.7

Action                   |  1- 3 |  4- 6 || total
-------------------------+-------+-------++-------
Melee: Spear             |   109 |    59 ||   168
  Use: Scroll            |     2 |     1 ||     3
 Stab: Sleeping          |     9 |     3 ||    12
Armor: Robe              |     1 |     4 ||     5
Dodge: Dodged            |    40 |    26 ||    66
